 Dungeon Crawl Stone Soup version 0.17-a0-670-g5d95ebd (webtiles) character file.

1250 laxity the Transmogrifier (level 8, -1/64 HPs)
             Began as a Naga Transmuter on Apr 18, 2015.
             Slain by Blork the orc
             ... wielding a +0 long sword
              (9 damage)
             ... on level 5 of the Dungeon.
             The game lasted 00:13:13 (7452 turns).

laxity the Transmogrifier (Naga Transmuter)         Turns: 7452, Time: 00:13:13

Health: -1/64      AC:  5    Str: 14    XL:     8   Next: 50%
Magic:  6/11       EV: 10    Int: 15    God:
Gold:   341        SH:  0    Dex: 11    Spells: 3 memorised, 2 levels left

rFire  + . .     SeeInvis +       - Unarmed
rCold  + . .     Clarity  .     c - +0 robe
rNeg   + . .     SustAb   .     (shield currently unavailable)
rPois  +         Gourm    .     (no helmet)
rElec  +         Spirit   .     r - +1 cloak
rCorr  +         Warding  .     (gloves currently unavailable)
rMut   .         Stasis   .     (no barding)
MR     +....                    (no amulet)
Stlth  +.........               (no ring)
                                f - ring of positive energy

@: blade hands, resistant, very slow, somewhat resistant to hostile
enchantments, very unstealthy
A: see invisible, deformed body, poison resistance, slowness 2, spit poison 2,
AC +2
a: Spit Poison, End Transformation


You were on level 5 of the Dungeon.
You were not hungry.
You had blades for hands.
You visited 1 branch of the dungeon, and saw 5 of its levels.

You collected 357 gold pieces.
You spent 16 gold pieces at shops.

Inventory:

Missiles
 b - 71 arrows
 h - 23 arrows of frost
 z - 20 poisoned arrows
Armour
 c - a +0 robe (worn)
 r - a +1 cloak (worn)
 v - a +1 robe of magic resistance
 D - a +1 cloak
Jewellery
 f - a ring of positive energy (left scythe-like blade)
 x - an uncursed amulet of warding {unknown}
Magical devices
 g - a wand of magic darts (19)
 u - a wand of draining (6)
Scrolls
 o - 2 scrolls of amnesia
 y - a scroll of recharging
 A - a scroll of blinking {unknown}
 C - a scroll of noise {unknown}
Potions
 e - a potion of brilliance
 k - 2 potions of restore abilities {unknown}
 m - 2 potions of flight {unknown}
 n - 2 potions of poison {unknown}
 q - 2 potions of heal wounds {unknown}
 s - a potion of might {unknown}
Books
 d - a book of Changes

   Spells                             Type                      Level
   a - Beastly Appendage              Transmutation                1
   b - Sticks to Snakes               Transmutation                2
   c - Spider Form                    Transmutation/Poison         3
   d - Ice Form                       Ice/Transmutation            4
   e - Blade Hands                    Transmutation                5
Comestibles
 a - 5 bread rations
 j - a slice of pizza
 l - 5 fruits
 p - a meat ration
 w - a beef jerky


   Skills:
 - Level 1.0 Fighting
 - Level 1.5 Dodging
 - Level 3.0 Unarmed Combat
 - Level 2.0 Spellcasting
 + Level 10.1 Transmutations


You had 2 spell levels left.
You knew the following spells:

 Your Spells              Type           Power        Failure   Level  Hunger
a - Beastly Appendage     Trmt           ####..       12%         1    #......
b - Spider Form           Trmt/Pois      ###.......   45%         3    ###....
c - Blade Hands           Trmt           ####......   50%         5    ######.


Dungeon Overview and Level Annotations

Branches:
Dungeon (5/15)
 Temple: D:4-7

Altars:
Gozag
Kikubaaqudgha
Makhleb
Okawaru
Ru
Vehumet

Shops:
D:4 [

Annotations:
D:5 Blork the orc


Innate Abilities, Weirdness & Mutations

You cannot wear boots.
Your serpentine skin is tough (AC +2).
You have supernaturally acute eyesight.
Armour fits poorly on your strangely shaped body.
Your system is resistant to poisons.
You cover ground very slowly.
You can spit poison.


Message History

Your transformation has ended.
Your +1 cloak unmelds from your body.
Your +0 robe unmelds from your body.
Blork the orc points at you and mumbles some strange words.
The puff of flame hits you! You resist.
* * * LOW HITPOINT WARNING * * *
Casting: Spider Form
Confirm with . or Enter, or press ? or * to list all spells.
Your hands turn into razor-sharp scythe blades.
Blork the orc misses you.
You barely miss Blork the orc.
Blork the orc hits you but does no damage.
You hit Blork the orc.
Blork the orc is lightly wounded.
Blork the orc barely misses you.
You barely miss Blork the orc.
Blork the orc is lightly wounded.
Blork the orc hits you with a long sword!
* * * LOW HITPOINT WARNING * * *
Blork the orc hits you with a long sword!
You die...

#### ..# ####### #.#
##### #...... . #)###...#
#.##### o.. #.#@..#.# #.#
##..##)o.###.# #.#
#.....### #.# #.#
##%..#.#####.# #.#
...........##.# #.#
.....##.##.##.# #.# ##.##
#.##.##)# #.#
#.####.##..).# #.#
#............######.#####


You could see Blork the orc.

Vanquished Creatures
  Eustachio (D:5)
  A wyvern (D:4)
  An orc warrior (D:5)
  An ogre (D:4)
  A centaur (D:5)
  A gnoll sergeant (D:5)
  A wight (D:5)
  2 jellies
  4 orc priests
  A hound (D:4)
  Jessica (D:2)
  An iguana (D:4)
  2 orc wizards
  A worker ant (D:4)
  A hound zombie (D:5)
  12 adders
  2 oozes
  3 worms (D:2)
  An adder skeleton (D:4)
  6 giant geckos
  13 orcs
  9 ball pythons
  10 bats
  A bat skeleton (D:2)
  A bat zombie (D:2)
  3 giant cockroaches
  6 goblins
  16 hobgoblins
  3 jackals (D:5)
  15 kobolds
  2 quokkas
  A ball python skeleton (D:2)
  3 giant newts
  A quokka skeleton (D:5)
  A quokka zombie (D:5)
  12 rats
  A plant (D:1)
142 creatures vanquished.

Notes
Turn   | Place    | Note
--------------------------------------------------------------
     0 | D:1      | laxity, the Naga Transmuter, began the quest for the Orb.
     0 | D:1      | Reached XP level 1. HP: 18/18 MP: 3/3
     2 | D:1      | Noticed a vampire
     4 | D:1      | Noticed a demigod
     4 | D:1      | Noticed a troll
     6 | D:1      | Noticed an ogre
     6 | D:1      | Noticed a felid
     8 | D:1      | Noticed a tengu
     8 | D:1      | Noticed a dwarf
    10 | D:1      | Noticed a ghoul
    12 | D:1      | Noticed a draconian
    12 | D:1      | Noticed a formicid
    14 | D:1      | Noticed a demonspawn
    14 | D:1      | Noticed a vine stalker
    16 | D:1      | Noticed a human
    16 | D:1      | Noticed a naga
    18 | D:1      | Noticed an octopode
    18 | D:1      | Noticed an elf
    20 | D:1      | Noticed a minotaur
    20 | D:1      | Noticed a centaur
    22 | D:1      | Noticed a merfolk
    24 | D:1      | Noticed a spriggan
    26 | D:1      | Noticed a gargoyle
   178 | D:1      | Reached XP level 2. HP: 16/25 MP: 3/5
   849 | D:1      | Reached XP level 3. HP: 27/31 MP: 6/6
   854 | D:1      | Learned a level 3 spell: Spider Form
  1754 | D:2      | Reached skill level 4 in Transmutations
  1754 | D:2      | Reached XP level 4. HP: 25/38 MP: 3/7
  2318 | D:2      | Found an opulent altar of Gozag.
  3056 | D:2      | Reached skill level 5 in Transmutations
  3056 | D:2      | Reached XP level 5. HP: 42/44 MP: 4/8
  3355 | D:2      | Noticed Jessica
  3362 | D:2      | Killed Jessica
  3752 | D:3      | Reached skill level 6 in Transmutations
  3752 | D:3      | Reached XP level 6. HP: 35/51 MP: 6/9
  3883 | D:3      | Learned a level 5 spell: Blade Hands
  4093 | D:3      | Found a sacrificial altar of Ru.
  4265 | D:4      | Noticed a wyvern
  4272 | D:4      | Killed a wyvern
  4272 | D:4      | Reached skill level 7 in Transmutations
  4664 | D:4      | Reached XP level 7. HP: 13/57 MP: 4/10
  4984 | D:4      | Found Bamobak's Antique Armour Boutique.
  4992 | D:4      | Bought a glowing robe for 16 gold pieces
  5235 | D:4      | Found a burning altar of Makhleb.
  5336 | D:4      | Reached skill level 8 in Transmutations
  5337 | D:4      | Found an iron altar of Okawaru.
  5895 | D:5      | Entered Level 5 of the Dungeon
  6299 | D:5      | Reached skill level 9 in Transmutations
  6299 | D:5      | Reached XP level 8. HP: 14/64 MP: 8/11
  6556 | D:5      | Found an ancient bone altar of Kikubaaqudgha.
  6894 | D:5      | Found a radiant altar of Vehumet.
  6894 | D:5      | Found a sacrificial altar of Ru.
  7413 | D:5      | Noticed Blork the orc
  7414 | D:5      | Noticed Eustachio
  7444 | D:5      | Killed Eustachio
  7444 | D:5      | Reached skill level 10 in Transmutations
  7452 | D:5      | Slain by Blork the orc

Action                   |  1- 3 |  4- 6 |  7- 9 || total
-------------------------+-------+-------+-------++-------
Melee: Unarmed           |   215 |   222 |   241 ||   678
 Cast: Beastly Appendage |     8 |       |       ||     8
       Spider Form       |     3 |    14 |    17 ||    34
       Blade Hands       |       |       |     1 ||     1
  Use: Scroll            |       |    10 |     1 ||    11
       Potion            |       |       |     4 ||     4
 Stab: Sleeping          |       |     1 |       ||     1
  Eat: Chunk             |     3 |    12 |    12 ||    27
